Sewer Rats vs Wolfes (R3)

Created - November 6, 2020 at 19:11

Goals
1 2 3 T
Sewer Rats 0 0 2 2
Wolfes 2 1 2 5
Shots
1 2 3 T
Sewer Rats 9 4 14 27
Wolfes 12 9 11 32

1st period

1. Wolfes , Martin Hanzal 3 (Jamie Oleksiak 6, Damon Severson 3) at 3:16
2. Wolfes , Michael Stone 1 (Jeffrey Foss 6, Thomas Spelling 1) at 17:29

Penalties :
Joseph Blandisi (Tol) for Interference (Minor) at 7:45, Thomas Spelling (RIM) for Roughing (Minor) at 10:00, Joel Edmundson (Tol) for Hooking (Minor) at 17:51

2nd period

3. Wolfes , Benn Ferriero 2 (Jeffrey Foss 7) at 15:40

Penalties :
Martin Hanzal (RIM) for Hooking (Minor) at 1:44, Blake Pietila (RIM) for Tripping (Minor) at 5:32, Jamie Oleksiak (RIM) for Tripping (Minor) at 8:32, Daniel Carr (Tol) for Boarding (Minor) at 13:01

3rd period

4. Sewer Rats , Erik Condra 8 (Jonathan Marchessault 2) at 2:40 (PP)
5. Wolfes , Blake Pietila 4 (Sebastian Aho 7) at 9:14 (PP)
6. Sewer Rats , Mark Mancari 12 (Jarred Tinordi 8, Marek Mazanek) at 10:03
7. Wolfes , Sebastian Aho 3 (Blake Pietila 8, Damon Severson 4) at 10:57

Penalties :
Lawson Crouse (RIM) for Hooking (Minor) at 2:11, Michael Stone (RIM) for Holding Stick (Minor) at 2:38, Jarred Tinordi (Tol) for Interference (Minor) at 9:13, Dominik Kubalik (Tol) for Roughing (Double Minor) at 13:22, Jonathan Marchessault (Tol) for Hooking (Minor) at 19:27

Goalie Stats

Marek Mazanek (Tol), 27 saves from 32 shots - (0.844), L, 3-4-0, 60:00 minutes
Ebbe Siönäs (RIM), 25 saves from 27 shots - (0.926), W, 1-1-0, 60:00 minutes

Players Stats for Sewer Rats

Player Name              G  A  P  +/- PIM S  H  SB GA TA FO     MP     PP MP  PK MP  
------------------------------------------------------------------------------------
Anthony Duclair          0  0  0  -2  0   1  5  0  0  0  0/2    12:18   0:00   2:46 
Connor Carrick           0  0  0   0  0   1  0  0  0  0  0/0    10:31   0:00   1:34 
Daniel Carr              0  0  0  -1  2   0  4  2  0  0  1/3    20:21   5:03   3:01 
Dmitrij Jaskin           0  0  0  -2  0   4  1  2  0  0  0/0     9:19   0:00   0:00 
Dominik Kubalik          0  0  0   0  4   0  0  0  0  0  0/0     7:47   0:00   0:55 
Drake Caggiula           0  0  0   0  0   3  3  1  0  0  5/9    17:00   5:19   1:02 
Erik Condra              1  0  1  -1  0   3  3  0  0  1  4/8    22:15   5:03   4:54 
Jared McCann             0  0  0   0  0   0  2  1  0  0  1/3     6:50   0:00   0:00 
Jarred Tinordi           0  1  1   0  2   2  0  1  1  1  0/0    20:33   0:00   5:52 
Joel Edmundson           0  0  0  -1  2   0  2  1  0  1  0/0    18:45   4:59   2:49 
John Ramage              0  0  0  -1  0   0  1  0  0  1  0/0    19:42   4:59   3:45 
Jonathan Marchessault    0  1  1  -1  2   4  2  0  0  0  17/30  19:25   5:03   2:15 
Joseph Blandisi          0  0  0   0  2   2  3  0  2  0  0/0    17:07   5:19   1:09 
Mark Mancari             1  0  1   0  0   3  3  1  4  0  0/0    20:54   5:19   4:56 
Nick Cousins             0  0  0   0  0   1  1  0  0  0  0/0     6:50   0:00   0:00 
Ryan Murphy              0  0  0   0  0   0  0  1  1  0  0/0     8:57   0:00   0:00 
Stefan Elliott           0  0  0   0  0   3  2  1  1  0  0/0    26:53   5:23   5:53 
Thomas Chabot            0  0  0  -2  0   0  1  0  1  0  0/0    11:02   5:23   1:05 
Xavier Ouellet           0  0  0  -2  0   0  0  0  0  0  0/0     3:37   0:00   0:00 
Zach Aston-Reese         0  0  0  -2  0   0  0  0  0  0  0/1     9:19   0:00   0:00 

Players Stats for Wolfes

Player Name              G  A  P  +/- PIM S  H  SB GA TA FO     MP     PP MP  PK MP  
------------------------------------------------------------------------------------
Alexandre Grenier        0  0  0   1  0   1  1  0  1  0  0/0    14:45   4:24   0:00 
Anton Karlsson           0  0  0   0  0   0  1  0  0  0  1/1     9:13   0:00   0:00 
Anton Lindholm           0  0  0   0  0   1  1  1  0  1  0/0    19:01   0:51   5:51 
Benn Ferriero            1  0  1   1  0   3  0  0  0  0  0/1    13:08   0:36   5:53 
Blake Pietila            1  1  2   1  2   3  2  0  0  1  2/2    15:56   5:08   0:18 
Damon Severson           0  2  2   2  0   3  1  1  0  1  0/0    23:31   4:11   4:31 
Eric Robinson            0  0  0   1  0   0  0  0  0  0  0/0     7:15   0:53   0:20 
Jamie Oleksiak           0  1  1   2  2   2  0  2  0  1  0/0    21:34   6:04   1:05 
Jeffrey Foss             0  2  2   2  0   1  0  0  0  0  0/0    17:10   0:00   4:31 
Joe Morrow               0  0  0  -1  0   2  0  1  0  0  0/0    17:06   5:59   0:00 
Kyle Rau                 0  0  0   0  0   1  1  0  0  0  2/2    11:23   0:30   1:40 
Lawson Crouse            0  0  0   1  2   1  3  0  0  1  0/0    20:52   4:19   3:49 
Martin Hanzal            1  0  1   1  2   2  3  0  0  1  8/16   20:02   4:24   2:33 
Matthew Highmore         0  0  0   1  0   0  0  0  0  0  1/1     6:10   0:00   0:09 
Max Friberg              0  0  0   1  0   4  0  1  1  0  2/2    16:41   5:08   0:00 
Michael Stone            1  0  1   1  2   4  1  3  1  4  0/0    22:58   3:53   4:45 
Sebastian Aho            1  1  2   1  0   2  1  0  1  0  12/31  22:16   5:08   6:00 
Thomas Spelling          0  1  1   0  2   2  0  0  0  0  0/0    10:29   0:57   0:00 
Victor Olofsson          0  0  0   0  0   0  0  0  0  0  0/0     0:00   0:00   0:00 

3 Stars

1 - Sebastian Aho (RIM)
2 - Damon Severson (RIM)
3 - Blake Pietila (RIM)

Power Play

Sewer Rats - 1 on 6 Attempt(s) - 16.67%
Wolfes - 1 on 7 Attempt(s) - 14.29%

Penalty Kill

Sewer Rats - 6 on 7 Attempt(s) - 85.71% - Score 0 goal in Penalty Kill
Wolfes - 5 on 6 Attempt(s) - 83.33% - Score 0 goal in Penalty Kill

Team Stat

Sewer Rats - Hits : 33 - Faceoff Wins : 28 - Blocked Shots : 11 - Penalty Minutes : 14
Wolfes - Hits : 15 - Faceoff Wins : 28 - Blocked Shots : 9 - Penalty Minutes : 12

Official

Referees : Unknown
Linesman : Unknown

Game Notes

12:23 of 2nd period - Sewer Rats goal is going for a video replay. After video review, No Goal. The attacking player has interfered with a goalkeeper in his goal crease.

Finance

Level 1 -- Attendance: 1431 (71.55%) -- Ticket Income $57,240
Level 2 -- Attendance: 610 (61.00%) -- Ticket Income $12,200
Total Attendance: 2041 (68.03%)
Total Ticket Income: $69,440
Other Income: $3,472
Total Income: $72,912

Sewer Rats

5 vs 5 Forward 
   Center                   Left Wing                Right Wing               Time % Phy DF OF 
 1 Jonathan Marchessault    Daniel Carr              Erik Condra              40     1   2  2  
 2 Drake Caggiula           Joseph Blandisi          Mark Mancari             30     1   2  2  
 3 Zach Aston-Reese         Anthony Duclair          Dmitrij Jaskin           20     1   2  2  
 4 Jared McCann             Dominik Kubalik          Nick Cousins             10     1   2  2  

5 vs 5 Defense 
   Defense                  Defense                                           Time % Phy DF OF 
 1 Stefan Elliott           Jarred Tinordi                                    40     1   2  2  
 2 Joel Edmundson           John Ramage                                       30     1   2  2  
 3 Ryan Murphy              Connor Carrick                                    20     1   2  2  
 4 Thomas Chabot            Xavier Ouellet                                    10     1   2  2  

PowerPlay Forward 
   Center                   Left Wing                Right Wing               Time % Phy DF OF 
 1 Jonathan Marchessault    Daniel Carr              Erik Condra              60     1   2  2  
 2 Drake Caggiula           Joseph Blandisi          Mark Mancari             40     1   2  2  

PowerPlay Defense
   Defense                  Defense                                           Time % Phy DF OF 
 1 Stefan Elliott           Thomas Chabot                                     60     1   2  2  
 2 Joel Edmundson           John Ramage                                       40     1   2  2  

Penalty Kill 4 Players Forward 
   Center                   Wing                     Time % Phy DF OF 
 1 Erik Condra              Mark Mancari             60     1   2  2  
 2 Jonathan Marchessault    Daniel Carr              40     1   2  2  

Penalty Kill 4 Players Defense
   Defense                  Defense                  Time % Phy DF OF 
 1 Stefan Elliott           Jarred Tinordi           60     1   2  2  
 2 Joel Edmundson           John Ramage              40     1   2  2  

Penalty Kill - 3 Players Forward 
   Forward                                           Time % Phy DF OF 
 1 Erik Condra                                       60     1   2  2  
 2 Mark Mancari                                      40     1   2  2  

Penalty Kill - 3 Players Defense
   Defense                  Defense                  Time % Phy DF OF 
 1 Stefan Elliott           Jarred Tinordi           60     1   2  2  
 2 Joel Edmundson           John Ramage              40     1   2  2  

4 vs 4 Forward 
   Center                   Wing                     Time % Phy DF OF 
 1 Erik Condra              Mark Mancari             60     1   2  2  
 2 Jonathan Marchessault    Daniel Carr              40     1   2  2  

4 vs 4 Defense
   Defense                  Defense                  Time % Phy DF OF 
 1 Stefan Elliott           Jarred Tinordi           60     1   2  2  
 2 Joel Edmundson           John Ramage              40     1   2  2  

Last Minutes Offensive
   Center                   Left Wing                Right Wing               Defense                  Defense                  
   Jonathan Marchessault    Daniel Carr              Erik Condra              Stefan Elliott           Jarred Tinordi           

Last Minutes Defensive
   Center                   Left Wing                Right Wing               Defense                  Defense                  
   Jonathan Marchessault    Daniel Carr              Erik Condra              Stefan Elliott           Jarred Tinordi           

Goaltenders
Starting : Marek Mazanek            
Backup : Darcy Kuemper            

Extra Forwards
Normal : Dmitrij Jaskin, Nick Cousins, Anthony Duclair - PP : Dmitrij Jaskin, Nick Cousins - PK : Anthony Duclair
Extra Defensemen
Normal : Ryan Murphy, Connor Carrick, Thomas Chabot - PP : Ryan Murphy - PK : Connor Carrick, Thomas Chabot
Penalty Shots
Erik Condra, Mark Mancari, Jonathan Marchessault, Daniel Carr, Dmitrij Jaskin

Scratches
Vincent Trocheck (Healthy), Josh Archibald (Healthy), Jonathan Racine (Healthy), Tyler Motte (Healthy), Chris Calhan (Healthy)
Mark Friedman (Healthy), Michael Dal Colle (Healthy), Matteson Iacopelli (Healthy), Adin Hill (Healthy), Antoine Bibeau (Healthy)

Wolfes

5 vs 5 Forward 
   Center                   Left Wing                Right Wing               Time % Phy DF OF 
 1 Martin Hanzal            Lawson Crouse            Max Friberg              31     1   2  2  
 2 Sebastian Aho            Blake Pietila            Alexandre Grenier        30     1   2  2  
 3 Kyle Rau                 Anton Karlsson           Thomas Spelling          25     1   2  2  
 4 Matthew Highmore         Eric Robinson            Benn Ferriero            14     1   2  2  

5 vs 5 Defense 
   Defense                  Defense                                           Time % Phy DF OF 
 1 Jamie Oleksiak           Damon Severson                                    35     1   2  2  
 2 Jeffrey Foss             Michael Stone                                     35     1   2  2  
 3 Anton Lindholm           Joe Morrow                                        30     1   2  2  
 4 Jamie Oleksiak           Michael Stone                                     0      1   2  2  

PowerPlay Forward 
   Center                   Left Wing                Right Wing               Time % Phy DF OF 
 1 Sebastian Aho            Blake Pietila            Max Friberg              60     1   2  2  
 2 Martin Hanzal            Lawson Crouse            Alexandre Grenier        40     1   2  2  

PowerPlay Defense
   Defense                  Defense                                           Time % Phy DF OF 
 1 Jamie Oleksiak           Joe Morrow                                        60     1   2  2  
 2 Damon Severson           Michael Stone                                     40     1   2  2  

Penalty Kill 4 Players Forward 
   Center                   Wing                     Time % Phy DF OF 
 1 Sebastian Aho            Benn Ferriero            60     1   2  2  
 2 Martin Hanzal            Lawson Crouse            40     1   2  2  

Penalty Kill 4 Players Defense
   Defense                  Defense                  Time % Phy DF OF 
 1 Michael Stone            Anton Lindholm           60     1   2  2  
 2 Jeffrey Foss             Damon Severson           40     1   2  2  

Penalty Kill - 3 Players Forward 
   Forward                                           Time % Phy DF OF 
 1 Martin Hanzal                                     60     1   2  2  
 2 Alexandre Grenier                                 40     1   2  2  

Penalty Kill - 3 Players Defense
   Defense                  Defense                  Time % Phy DF OF 
 1 Jamie Oleksiak           Anton Lindholm           60     1   2  2  
 2 Michael Stone            Damon Severson           40     1   2  2  

4 vs 4 Forward 
   Center                   Wing                     Time % Phy DF OF 
 1 Alexandre Grenier        Sebastian Aho            60     1   2  2  
 2 Blake Pietila            Benn Ferriero            40     1   2  2  

4 vs 4 Defense
   Defense                  Defense                  Time % Phy DF OF 
 1 Jamie Oleksiak           Michael Stone            60     1   2  2  
 2 Damon Severson           Joe Morrow               40     1   2  2  

Last Minutes Offensive
   Center                   Left Wing                Right Wing               Defense                  Defense                  
   Sebastian Aho            Lawson Crouse            Alexandre Grenier        Jamie Oleksiak           Michael Stone            

Last Minutes Defensive
   Center                   Left Wing                Right Wing               Defense                  Defense                  
   Martin Hanzal            Blake Pietila            Max Friberg              Anton Lindholm           Damon Severson           

Goaltenders
Starting : Ebbe Siönäs              
Backup : Laurent Brossoit         

Extra Forwards
Normal : Matthew Highmore, Eric Robinson, Thomas Spelling - PP : Sebastian Aho, Thomas Spelling - PK : Benn Ferriero
Extra Defensemen
Normal : Damon Severson, Michael Stone, Joe Morrow - PP : Anton Lindholm - PK : Jamie Oleksiak, Jeffrey Foss
Penalty Shots
Sebastian Aho, Lawson Crouse, Benn Ferriero, Max Friberg, Kyle Rau

Scratches
Jakub Zboril (Healthy), Kevin Stenlund (Healthy), Zachary Senyshyn (Healthy), Louis Belpedio (Healthy), Cameron Darcy (Healthy)
Fredrik Olofsson (Healthy), Nolan Vesey (Healthy), Vaclav Karabacek (Healthy), Kyle Pettit (Healthy), Dylan Sadowy (Healthy)

% Time on Ice - Sewer Rats

Lines # - Real PCT - Wanted PCT - Time Play
Normal Forward
1 - 32% - 40% - 12:21
2 - 27% - 30% - 10:39
3 - 24% - 20% - 9:19
4 - 17% - 10% - 6:50
Normal Defense
1 - 40% - 40% - 15:37
2 - 28% - 30% - 10:58
3 - 23% - 20% - 8:57
4 - 9% - 10% - 3:37
PP Forward
1 - 49% - 60% - 5:03
2 - 51% - 40% - 5:19
PP Defense
1 - 52% - 60% - 5:23
2 - 48% - 40% - 4:59
PK Forward
1 - 77% - 60% - 8:03
2 - 23% - 40% - 2:26
PK Defense
1 - 64% - 60% - 6:44
2 - 36% - 40% - 3:45
PK3 Forward
1 - 0% - 60%
2 - 0% - 40%
PK3 Defense
1 - 0% - 60%
2 - 0% - 40%
44 Forward
1 - 0% - 60%
2 - 0% - 40%
44 Defense
1 - 0% - 60%
2 - 0% - 40%
Last Minute Offensive  - 0:00
Last Minute Defensive  - 0:00
Total
Forward - 60:00
Defense - 60:00

% Time on Ice - Wolfes

Lines # - Real PCT - Wanted PCT - Time Play
Normal Forward
1 - 31% - 31% - 12:11
2 - 30% - 30% - 11:44
3 - 24% - 25% - 9:13
4 - 15% - 14% - 6:01
Normal Defense
1 - 33% - 35% - 13:00
2 - 35% - 35% - 13:31
3 - 29% - 30% - 11:27
4 - 3% - 0% - 1:11
PP Forward
1 - 57% - 60% - 5:56
2 - 43% - 40% - 4:33
PP Defense
1 - 60% - 60% - 6:18
2 - 40% - 40% - 4:11
PK Forward
1 - 70% - 60% - 7:14
2 - 30% - 40% - 3:06
PK Defense
1 - 56% - 60% - 5:49
2 - 44% - 40% - 4:31
PK3 Forward
1 - 100% - 60% - 0:02
2 - 0% - 40% - 0:00
PK3 Defense
1 - 100% - 60% - 0:02
2 - 0% - 40% - 0:00
44 Forward
1 - 0% - 60%
2 - 0% - 40%
44 Defense
1 - 0% - 60%
2 - 0% - 40%
Last Minute Offensive  - 0:00
Last Minute Defensive  - 0:00
Total
Forward - 60:00
Defense - 60:00

Play-by-Play

1st period


0:01 of 1st period - Erik Condra wins face-off versus Martin Hanzal in neutral zone.
0:25 of 1st period - Jarred Tinordi is hit by Blake Pietila and loses puck.
1:04 of 1st period - Anton Lindholm is hit by Jared McCann.
1:36 of 1st period - Max Friberg is hit by Jonathan Marchessault and loses puck.
1:42 of 1st period - Icing by Jamie Oleksiak.
1:43 of 1st period - Drake Caggiula wins face-off versus Martin Hanzal in Wolfes zone.
2:28 of 1st period - Snap shot by Martin Hanzal.
2:28 of 1st period - Shot Blocked by Dmitrij Jaskin.
2:30 of 1st period - Slapshot by Max Friberg.
2:30 of 1st period - Shot Misses the Net.
3:14 of 1st period - Slapshot by Damon Severson.
3:14 of 1st period - Shot Misses the Net.
3:16 of 1st period - Slapshot by Jamie Oleksiak.
3:16 of 1st period - Deflect By Martin Hanzal.
3:16 of 1st period - Goal by Martin Hanzal - Sewer Rats : 0 - Wolfes : 1.
3:17 of 1st period - Sebastian Aho wins face-off versus Jonathan Marchessault in neutral zone.
3:26 of 1st period - Snap shot by Alexandre Grenier.
3:26 of 1st period - Stopped by Marek Mazanek with a rebound.
3:28 of 1st period - Wrist shot by Michael Stone.
3:28 of 1st period - Stopped by Marek Mazanek without a rebound.
3:29 of 1st period - Kyle Rau wins face-off versus Jonathan Marchessault in Sewer Rats zone.
3:32 of 1st period - Wrist shot by Kyle Rau.
3:32 of 1st period - Shot Blocked by Daniel Carr.
4:33 of 1st period - Snap shot by Thomas Spelling.
4:33 of 1st period - Stopped by Marek Mazanek with a rebound.
4:35 of 1st period - Slapshot by Michael Stone.
4:35 of 1st period - Stopped by Marek Mazanek with a rebound.
5:03 of 1st period - Slapshot by Stefan Elliott.
5:03 of 1st period - Stopped by Ebbe Siönäs with a rebound.
5:05 of 1st period - Wrist shot by Zach Aston-Reese.
5:05 of 1st period - Shot Blocked by Michael Stone.
5:07 of 1st period - Slapshot by Jarred Tinordi.
5:07 of 1st period - Stopped by Ebbe Siönäs with a rebound.
5:11 of 1st period - Slapshot by Dmitrij Jaskin.
5:11 of 1st period - Shot Misses the Net.
5:28 of 1st period - Kyle Rau is hit by Nick Cousins and loses puck.
5:49 of 1st period - Wrist shot by Erik Condra.
5:49 of 1st period - Deflect By Jonathan Marchessault.
5:49 of 1st period - Stopped by Ebbe Siönäs with a rebound.
5:55 of 1st period - Erik Condra is hit by Martin Hanzal and loses puck.
6:28 of 1st period - Snap shot by Joseph Blandisi.
6:28 of 1st period - Shot Blocked by Jamie Oleksiak.
6:30 of 1st period - Backhand shot by Joseph Blandisi.
6:30 of 1st period - Stopped by Ebbe Siönäs without a rebound.
6:31 of 1st period - Sebastian Aho wins face-off versus Drake Caggiula in Wolfes zone.
7:18 of 1st period - Snap shot by Anthony Duclair.
7:18 of 1st period - Deflect By Dmitrij Jaskin.
7:18 of 1st period - Stopped by Ebbe Siönäs with a rebound.
7:24 of 1st period - Slapshot by Dmitrij Jaskin.
7:24 of 1st period - Stopped by Ebbe Siönäs with a rebound.
7:45 of 1st period - Minor Penalty to Joseph Blandisi for Interference.
7:46 of 1st period - Erik Condra wins face-off versus Sebastian Aho in Sewer Rats zone.
7:54 of 1st period - Wrist shot by Mark Mancari.
7:54 of 1st period - Shot Blocked by Jamie Oleksiak.
8:38 of 1st period - Snap shot by Blake Pietila.
8:38 of 1st period - Stopped by Marek Mazanek without a rebound.
8:39 of 1st period - Sebastian Aho wins face-off versus Anthony Duclair in Sewer Rats zone.
8:42 of 1st period - Snap shot by Blake Pietila.
8:42 of 1st period - Shot Blocked by Daniel Carr.
9:45 of 1st period - Penalty to Joseph Blandisi is over, Joseph Blandisi is back on ice.
10:00 of 1st period - Minor Penalty to Thomas Spelling for Roughing.
10:01 of 1st period - Jonathan Marchessault wins face-off versus Sebastian Aho in Wolfes zone.
10:05 of 1st period - Snap shot by Jonathan Marchessault.
10:05 of 1st period - Shot Blocked by Michael Stone.
10:07 of 1st period - Snap shot by Jonathan Marchessault.
10:07 of 1st period - Stopped by Ebbe Siönäs without a rebound.
10:08 of 1st period - Jonathan Marchessault wins face-off versus Sebastian Aho in Wolfes zone.
10:23 of 1st period - Wrist shot by Jonathan Marchessault.
10:23 of 1st period - Deflect By Erik Condra.
10:23 of 1st period - Shot Blocked by Michael Stone.
10:23 of 1st period - Puck is out of play.
10:24 of 1st period - Sebastian Aho wins face-off versus Jonathan Marchessault in Wolfes zone.
10:39 of 1st period - Slapshot by Stefan Elliott.
10:39 of 1st period - Stopped by Ebbe Siönäs without a rebound.
10:40 of 1st period - Drake Caggiula wins face-off versus Sebastian Aho in Wolfes zone.
10:57 of 1st period - Mark Mancari is hit by Michael Stone and loses puck.
11:10 of 1st period - Wrist shot by Martin Hanzal.
11:10 of 1st period - Stopped by Marek Mazanek without a rebound.
11:11 of 1st period - Martin Hanzal wins face-off versus Jonathan Marchessault in Sewer Rats zone.
11:20 of 1st period - Martin Hanzal is hit by John Ramage.
11:24 of 1st period - Wrist shot by Jonathan Marchessault.
11:24 of 1st period - Shot Hit the Post.
11:26 of 1st period - Wrist shot by Daniel Carr.
11:26 of 1st period - Shot Misses the Net.
12:00 of 1st period - Penalty to Thomas Spelling is over, Thomas Spelling is back on ice.
12:14 of 1st period - Snap shot by Sebastian Aho.
12:14 of 1st period - Shot Blocked by Stefan Elliott.
12:16 of 1st period - Snap shot by Sebastian Aho.
12:16 of 1st period - Stopped by Marek Mazanek with a rebound.
12:18 of 1st period - Slapshot by Anton Lindholm.
12:18 of 1st period - Stopped by Marek Mazanek without a rebound.
12:19 of 1st period - Jonathan Marchessault wins face-off versus Martin Hanzal in Sewer Rats zone.
12:28 of 1st period - Stefan Elliott is hit by Martin Hanzal and loses puck.
13:44 of 1st period - Snap shot by Jonathan Marchessault.
13:44 of 1st period - Shot Blocked by Anton Lindholm.
14:02 of 1st period - Snap shot by Mark Mancari.
14:02 of 1st period - Stopped by Ebbe Siönäs with a rebound.
15:15 of 1st period - Wrist shot by Joseph Blandisi.
15:15 of 1st period - Shot Hit the Post.
16:06 of 1st period - Slapshot by Benn Ferriero.
16:06 of 1st period - Shot Blocked by Joel Edmundson.
16:08 of 1st period - Snap shot by Joe Morrow.
16:08 of 1st period - Stopped by Marek Mazanek with a rebound.
16:10 of 1st period - Wrist shot by Benn Ferriero.
16:10 of 1st period - Deflect By Matthew Highmore.
16:10 of 1st period - Shot Blocked by Jared McCann.
16:10 of 1st period - Puck is out of play.
16:11 of 1st period - Martin Hanzal wins face-off versus Jared McCann in Sewer Rats zone.
16:36 of 1st period - Anton Lindholm is hit by Daniel Carr and loses puck.
17:25 of 1st period - Snap shot by Thomas Spelling.
17:25 of 1st period - Stopped by Marek Mazanek with a rebound.
17:27 of 1st period - Slapshot by Jeffrey Foss.
17:27 of 1st period - Shot Misses the Net.
17:29 of 1st period - Slapshot by Michael Stone.
17:29 of 1st period - Goal by Michael Stone - Sewer Rats : 0 - Wolfes : 2.
17:30 of 1st period - Sebastian Aho wins face-off versus Jonathan Marchessault in neutral zone.
17:51 of 1st period - Minor Penalty to Joel Edmundson for Hooking.
17:52 of 1st period - Erik Condra wins face-off versus Sebastian Aho in Sewer Rats zone.
19:51 of 1st period - Penalty to Joel Edmundson is over, Joel Edmundson is back on ice.
19:58 of 1st period - Benn Ferriero is hit by Mark Mancari and loses puck.
Goals for this period are 0 for Sewer Rats vs 2 for Wolfes.
Shots for this period are 9 for Sewer Rats vs 12 for Wolfes.

2nd period


0:01 of 2nd period - Jonathan Marchessault wins face-off versus Sebastian Aho in neutral zone.
0:04 of 2nd period - Blake Pietila is hit by Erik Condra and loses puck.
0:25 of 2nd period - Jarred Tinordi is hit by Martin Hanzal and loses puck.
1:13 of 2nd period - Snap shot by Blake Pietila.
1:13 of 2nd period - Shot Blocked by Ryan Murphy.
1:15 of 2nd period - Snap shot by Sebastian Aho.
1:15 of 2nd period - Shot Misses the Net.
1:17 of 2nd period - Slapshot by Joe Morrow.
1:17 of 2nd period - Stopped by Marek Mazanek without a rebound.
1:18 of 2nd period - Martin Hanzal wins face-off versus Drake Caggiula in Sewer Rats zone.
1:35 of 2nd period - Mark Mancari is hit by Damon Severson and loses puck.
1:44 of 2nd period - Minor Penalty to Martin Hanzal for Hooking.
1:45 of 2nd period - Jonathan Marchessault wins face-off versus Sebastian Aho in Wolfes zone.
1:56 of 2nd period - Michael Stone is hit by Daniel Carr and loses puck.
3:36 of 2nd period - Icing by Joseph Blandisi.
3:37 of 2nd period - Kyle Rau wins face-off versus Drake Caggiula in Sewer Rats zone.
3:44 of 2nd period - Penalty to Martin Hanzal is over, Martin Hanzal is back on ice.
4:24 of 2nd period - Martin Hanzal is hit by Jared McCann and loses puck.
5:32 of 2nd period - Minor Penalty to Blake Pietila for Tripping.
5:33 of 2nd period - Jonathan Marchessault wins face-off versus Sebastian Aho in Wolfes zone.
6:00 of 2nd period - Jeffrey Foss is hit by Mark Mancari and loses puck.
6:05 of 2nd period - Snap shot by Joseph Blandisi.
6:05 of 2nd period - Shot Misses the Net.
6:53 of 2nd period - Kyle Rau is hit by Joseph Blandisi and loses puck.
7:08 of 2nd period - Jeffrey Foss is hit by Drake Caggiula.
7:32 of 2nd period - Penalty to Blake Pietila is over, Blake Pietila is back on ice.
8:13 of 2nd period - Icing by Nick Cousins.
8:14 of 2nd period - Jared McCann wins face-off versus Martin Hanzal in Sewer Rats zone.
8:32 of 2nd period - Minor Penalty to Jamie Oleksiak for Tripping.
8:33 of 2nd period - Sebastian Aho wins face-off versus Jonathan Marchessault in Wolfes zone.
8:58 of 2nd period - Anton Lindholm is hit by Thomas Chabot and loses puck.
9:47 of 2nd period - Drake Caggiula is hit by Sebastian Aho and loses puck.
10:32 of 2nd period - Penalty to Jamie Oleksiak is over, Jamie Oleksiak is back on ice.
10:50 of 2nd period - Slapshot by Jeffrey Foss.
10:50 of 2nd period - Shot Blocked by Dmitrij Jaskin.
11:44 of 2nd period - Slapshot by Max Friberg.
11:44 of 2nd period - Deflect By Lawson Crouse.
11:44 of 2nd period - Shot Misses the Net.
11:44 of 2nd period - Puck is out of play.
11:45 of 2nd period - Martin Hanzal wins face-off versus Erik Condra in Sewer Rats zone.
12:00 of 2nd period - Michael Stone is hit by Erik Condra and loses puck.
12:21 of 2nd period - Snap shot by Dmitrij Jaskin.
12:21 of 2nd period - Stopped by Ebbe Siönäs with a rebound.
12:23 of 2nd period - Wrist shot by Dmitrij Jaskin.
12:23 of 2nd period - Sewer Rats goal is going for a video replay.
12:23 of 2nd period - The goal is refused. The attacking player has interfered with a goalkeeper in his goal crease..
12:24 of 2nd period - Drake Caggiula wins face-off versus Sebastian Aho in Wolfes zone.
12:49 of 2nd period - Jeffrey Foss is hit by Jonathan Marchessault and loses puck.
13:01 of 2nd period - Minor Penalty to Daniel Carr for Boarding.
13:02 of 2nd period - Blake Pietila wins face-off versus Erik Condra in Sewer Rats zone.
15:01 of 2nd period - Penalty to Daniel Carr is over, Daniel Carr is back on ice.
15:40 of 2nd period - Slapshot by Benn Ferriero.
15:40 of 2nd period - Goal by Benn Ferriero - Sewer Rats : 0 - Wolfes : 3.
15:41 of 2nd period - Jonathan Marchessault wins face-off versus Sebastian Aho in neutral zone.
16:06 of 2nd period - Drake Caggiula is hit by Lawson Crouse and loses puck.
16:11 of 2nd period - Snap shot by Max Friberg.
16:11 of 2nd period - Stopped by Marek Mazanek with a rebound.
16:33 of 2nd period - Snap shot by Anthony Duclair.
16:33 of 2nd period - Shot Misses the Net.
16:51 of 2nd period - Slapshot by Alexandre Grenier.
16:51 of 2nd period - Shot Blocked by Jarred Tinordi.
17:27 of 2nd period - Max Friberg is hit by Joseph Blandisi and loses puck.
17:48 of 2nd period - Snap shot by Dmitrij Jaskin.
17:48 of 2nd period - Shot Blocked by Joe Morrow.
17:50 of 2nd period - Snap shot by Anthony Duclair.
17:50 of 2nd period - Shot Misses the Net.
17:52 of 2nd period - Slapshot by Connor Carrick.
17:52 of 2nd period - Stopped by Ebbe Siönäs with a rebound.
17:54 of 2nd period - Wrist shot by Anthony Duclair.
17:54 of 2nd period - Stopped by Ebbe Siönäs without a rebound.
17:55 of 2nd period - Sebastian Aho wins face-off versus Jonathan Marchessault in Wolfes zone.
18:40 of 2nd period - Anthony Duclair is hit by Anton Karlsson and loses puck.
18:45 of 2nd period - Snap shot by Kyle Rau.
18:45 of 2nd period - Stopped by Marek Mazanek with a rebound.
18:47 of 2nd period - Slapshot by Jeffrey Foss.
18:47 of 2nd period - Deflect By Dmitrij Jaskin.
18:47 of 2nd period - Stopped by Marek Mazanek with a rebound.
19:01 of 2nd period - Snap shot by Benn Ferriero.
19:01 of 2nd period - Stopped by Marek Mazanek without a rebound.
19:02 of 2nd period - Matthew Highmore wins face-off versus Jared McCann in Sewer Rats zone.
19:05 of 2nd period - Slapshot by Damon Severson.
19:05 of 2nd period - Stopped by Marek Mazanek with a rebound.
19:07 of 2nd period - Slapshot by Jamie Oleksiak.
19:07 of 2nd period - Stopped by Marek Mazanek without a rebound.
19:08 of 2nd period - Jonathan Marchessault wins face-off versus Sebastian Aho in Sewer Rats zone.
19:35 of 2nd period - Slapshot by Max Friberg.
19:35 of 2nd period - Stopped by Marek Mazanek without a rebound.
19:36 of 2nd period - Martin Hanzal wins face-off versus Drake Caggiula in Sewer Rats zone.
19:36 of 2nd period - Martin Hanzal is hit by Joel Edmundson.
Goals for this period are 0 for Sewer Rats vs 1 for Wolfes.
Shots for this period are 4 for Sewer Rats vs 9 for Wolfes.

3rd period


0:01 of 3rd period - Jonathan Marchessault wins face-off versus Sebastian Aho in neutral zone.
0:06 of 3rd period - Snap shot by Erik Condra.
0:06 of 3rd period - Shot Blocked by Damon Severson.
0:26 of 3rd period - Drake Caggiula is hit by Lawson Crouse and loses puck.
0:47 of 3rd period - Jeffrey Foss is hit by Anthony Duclair and loses puck.
1:04 of 3rd period - Thomas Spelling is hit by Anthony Duclair and loses puck.
1:21 of 3rd period - Snap shot by Jonathan Marchessault.
1:21 of 3rd period - Stopped by Ebbe Siönäs with a rebound.
1:23 of 3rd period - Snap shot by Jonathan Marchessault.
1:23 of 3rd period - Shot Misses the Net.
1:41 of 3rd period - Snap shot by Matthew Highmore.
1:41 of 3rd period - Shot Misses the Net.
1:43 of 3rd period - Slapshot by Michael Stone.
1:43 of 3rd period - Stopped by Marek Mazanek with a rebound.
2:11 of 3rd period - Minor Penalty to Lawson Crouse for Hooking.
2:12 of 3rd period - Daniel Carr wins face-off versus Sebastian Aho in Wolfes zone.
2:13 of 3rd period - Snap shot by Jonathan Marchessault.
2:13 of 3rd period - Stopped by Ebbe Siönäs with a rebound.
2:38 of 3rd period - Minor Penalty to Michael Stone for Holding Stick.
2:39 of 3rd period - Jonathan Marchessault wins face-off versus Martin Hanzal in Wolfes zone.
2:40 of 3rd period - Snap shot by Erik Condra.
2:40 of 3rd period - Goal by Erik Condra - Sewer Rats : 1 - Wolfes : 3.
2:41 of 3rd period - Sebastian Aho wins face-off versus Jonathan Marchessault in neutral zone.
2:44 of 3rd period - Wrist shot by Benn Ferriero.
2:44 of 3rd period - Deflect By Erik Condra.
2:44 of 3rd period - Stopped by Marek Mazanek without a rebound.
2:45 of 3rd period - Sebastian Aho wins face-off versus Jonathan Marchessault in Sewer Rats zone.
3:18 of 3rd period - Snap shot by Joseph Blandisi.
3:18 of 3rd period - Stopped by Ebbe Siönäs without a rebound.
3:19 of 3rd period - Drake Caggiula wins face-off versus Sebastian Aho in Wolfes zone.
3:30 of 3rd period - Wrist shot by Drake Caggiula.
3:30 of 3rd period - Deflect By Sebastian Aho.
3:30 of 3rd period - Stopped by Ebbe Siönäs with a rebound.
3:32 of 3rd period - Wrist shot by Mark Mancari.
3:32 of 3rd period - Deflect By Drake Caggiula.
3:32 of 3rd period - Stopped by Ebbe Siönäs with a rebound.
3:46 of 3rd period - Martin Hanzal is hit by Mark Mancari and loses puck.
4:03 of 3rd period - Wrist shot by Mark Mancari.
4:03 of 3rd period - Stopped by Ebbe Siönäs with a rebound.
4:21 of 3rd period - Martin Hanzal is hit by Joseph Blandisi.
4:38 of 3rd period - Penalty to Michael Stone is over, Michael Stone is back on ice.
5:04 of 3rd period - Slapshot by Jamie Oleksiak.
5:04 of 3rd period - Shot Misses the Net.
5:12 of 3rd period - Slapshot by Michael Stone.
5:12 of 3rd period - Shot Blocked by Drake Caggiula.
5:30 of 3rd period - Jamie Oleksiak is hit by Drake Caggiula and loses puck.
5:39 of 3rd period - Martin Hanzal is hit by Drake Caggiula.
5:55 of 3rd period - Snap shot by Mark Mancari.
5:55 of 3rd period - Shot Misses the Net.
5:57 of 3rd period - Wrist shot by Drake Caggiula.
5:57 of 3rd period - Shot Misses the Net.
5:59 of 3rd period - Snap shot by Drake Caggiula.
5:59 of 3rd period - Stopped by Ebbe Siönäs without a rebound.
6:00 of 3rd period - Jonathan Marchessault wins face-off versus Sebastian Aho in Wolfes zone.
6:35 of 3rd period - Off-side.
6:36 of 3rd period - Jonathan Marchessault wins face-off versus Sebastian Aho in neutral zone.
6:39 of 3rd period - Slapshot by Jarred Tinordi.
6:39 of 3rd period - Stopped by Ebbe Siönäs without a rebound.
6:40 of 3rd period - Jonathan Marchessault wins face-off versus Sebastian Aho in Wolfes zone.
6:45 of 3rd period - Snap shot by Jonathan Marchessault.
6:45 of 3rd period - Shot Hit the Post.
6:47 of 3rd period - Snap shot by Erik Condra.
6:47 of 3rd period - Stopped by Ebbe Siönäs with a rebound.
6:49 of 3rd period - Slapshot by Stefan Elliott.
6:49 of 3rd period - Stopped by Ebbe Siönäs with a rebound.
7:05 of 3rd period - Dmitrij Jaskin is hit by Kyle Rau and loses puck.
7:44 of 3rd period - Jeffrey Foss is hit by Daniel Carr and loses puck.
8:19 of 3rd period - Icing by Jamie Oleksiak.
8:20 of 3rd period - Jonathan Marchessault wins face-off versus Benn Ferriero in Wolfes zone.
8:21 of 3rd period - Slapshot by Erik Condra.
8:21 of 3rd period - Shot Misses the Net.
8:43 of 3rd period - Snap shot by Erik Condra.
8:43 of 3rd period - Stopped by Ebbe Siönäs without a rebound.
8:44 of 3rd period - Martin Hanzal wins face-off versus Anthony Duclair in Wolfes zone.
8:54 of 3rd period - Snap shot by Zach Aston-Reese.
8:54 of 3rd period - Deflect By Dmitrij Jaskin.
8:54 of 3rd period - Shot Misses the Net.
8:54 of 3rd period - Puck is out of play.
8:55 of 3rd period - Martin Hanzal wins face-off versus Daniel Carr in Wolfes zone.
8:55 of 3rd period - Martin Hanzal is hit by Daniel Carr.
9:05 of 3rd period - Snap shot by Max Friberg.
9:05 of 3rd period - Stopped by Marek Mazanek with a rebound.
9:07 of 3rd period - Slapshot by Jamie Oleksiak.
9:07 of 3rd period - Shot Misses the Net.
9:09 of 3rd period - Snap shot by Max Friberg.
9:09 of 3rd period - Stopped by Marek Mazanek without a rebound.
9:10 of 3rd period - Jonathan Marchessault wins face-off versus Sebastian Aho in Sewer Rats zone.
9:10 of 3rd period - Jonathan Marchessault is hit by Blake Pietila.
9:13 of 3rd period - Minor Penalty to Jarred Tinordi for Interference.
9:14 of 3rd period - Sebastian Aho wins face-off versus Erik Condra in Sewer Rats zone.
9:14 of 3rd period - Snap shot by Blake Pietila.
9:14 of 3rd period - Goal by Blake Pietila - Sewer Rats : 1 - Wolfes : 4.
9:15 of 3rd period - Max Friberg wins face-off versus Jonathan Marchessault in neutral zone.
9:46 of 3rd period - Joseph Blandisi is hit by Alexandre Grenier and loses puck.
10:03 of 3rd period - Wrist shot by Mark Mancari.
10:03 of 3rd period - Goal by Mark Mancari - Sewer Rats : 2 - Wolfes : 4.
10:04 of 3rd period - Jonathan Marchessault wins face-off versus Martin Hanzal in neutral zone.
10:41 of 3rd period - Icing by Jamie Oleksiak.
10:42 of 3rd period - Sebastian Aho wins face-off versus Jonathan Marchessault in Wolfes zone.
10:53 of 3rd period - Slapshot by Damon Severson.
10:53 of 3rd period - Stopped by Marek Mazanek with a rebound.
10:55 of 3rd period - Snap shot by Blake Pietila.
10:55 of 3rd period - Stopped by Marek Mazanek with a rebound.
10:57 of 3rd period - Wrist shot by Sebastian Aho.
10:57 of 3rd period - Goal by Sebastian Aho - Sewer Rats : 2 - Wolfes : 5.
10:58 of 3rd period - Jonathan Marchessault wins face-off versus Martin Hanzal in neutral zone.
11:04 of 3rd period - Off-side.
11:05 of 3rd period - Max Friberg wins face-off versus Daniel Carr in neutral zone.
11:46 of 3rd period - Joe Morrow is hit by Stefan Elliott and loses puck.
12:22 of 3rd period - Wrist shot by Alexandre Grenier.
12:22 of 3rd period - Shot Misses the Net.
12:24 of 3rd period - Slapshot by Joe Morrow.
12:24 of 3rd period - Shot Misses the Net.
12:26 of 3rd period - Slapshot by Anton Lindholm.
12:26 of 3rd period - Deflect By Alexandre Grenier.
12:26 of 3rd period - Shot Misses the Net.
12:26 of 3rd period - Puck is out of play.
12:27 of 3rd period - Martin Hanzal wins face-off versus Jonathan Marchessault in Sewer Rats zone.
12:34 of 3rd period - Michael Stone is hit by Erik Condra.
12:52 of 3rd period - Anton Karlsson is hit by Anthony Duclair and loses puck.
13:03 of 3rd period - Slapshot by Anthony Duclair.
13:03 of 3rd period - Shot Misses the Net.
13:05 of 3rd period - Wrist shot by Zach Aston-Reese.
13:05 of 3rd period - Shot Misses the Net.
13:22 of 3rd period - Double Minor Penalty to Dominik Kubalik for Roughing.
13:23 of 3rd period - Erik Condra wins face-off versus Sebastian Aho in Sewer Rats zone.
13:36 of 3rd period - Slapshot by Jamie Oleksiak.
13:36 of 3rd period - Deflect By Stefan Elliott.
13:36 of 3rd period - Stopped by Marek Mazanek with a rebound.
13:50 of 3rd period - Erik Condra is hit by Lawson Crouse and loses puck.
14:37 of 3rd period - Jamie Oleksiak is hit by Anthony Duclair and loses puck.
15:23 of 3rd period - Michael Stone is hit by Anthony Duclair.
15:33 of 3rd period - John Ramage is hit by Anton Lindholm and loses puck.
15:50 of 3rd period - Sebastian Aho is hit by Joel Edmundson and loses puck.
16:03 of 3rd period - Michael Stone is hit by Stefan Elliott.
17:22 of 3rd period - Penalty to Dominik Kubalik is over, Dominik Kubalik is back on ice.
18:00 of 3rd period - Snap shot by Jared McCann.
18:00 of 3rd period - Deflect By Nick Cousins.
18:00 of 3rd period - Stopped by Ebbe Siönäs without a rebound.
18:01 of 3rd period - Anton Karlsson wins face-off versus Zach Aston-Reese in Wolfes zone.
18:12 of 3rd period - Kyle Rau is hit by Dmitrij Jaskin and loses puck.
18:48 of 3rd period - Slapshot by Ryan Murphy.
18:48 of 3rd period - Shot Blocked by Max Friberg.
18:50 of 3rd period - Slapshot by Ryan Murphy.
18:50 of 3rd period - Deflect By Mark Mancari.
18:50 of 3rd period - Shot Misses the Net.
18:50 of 3rd period - Puck is out of play.
18:51 of 3rd period - Drake Caggiula wins face-off versus Martin Hanzal in Wolfes zone.
18:58 of 3rd period - Slapshot by Martin Hanzal.
18:58 of 3rd period - Shot Misses the Net.
19:00 of 3rd period - Snap shot by Lawson Crouse.
19:00 of 3rd period - Stopped by Marek Mazanek with a rebound.
19:08 of 3rd period - Wrist shot by Martin Hanzal.
19:08 of 3rd period - Shot Misses the Net.
19:10 of 3rd period - Snap shot by Max Friberg.
19:10 of 3rd period - Shot Blocked by Mark Mancari.
19:12 of 3rd period - Snap shot by Damon Severson.
19:12 of 3rd period - Stopped by Marek Mazanek without a rebound.
19:13 of 3rd period - Sebastian Aho wins face-off versus Jonathan Marchessault in Sewer Rats zone.
19:27 of 3rd period - Minor Penalty to Jonathan Marchessault for Hooking.
19:28 of 3rd period - Blake Pietila wins face-off versus Erik Condra in Sewer Rats zone.
Goals for this period are 2 for Sewer Rats vs 2 for Wolfes.
Shots for this period are 14 for Sewer Rats vs 11 for Wolfes.